 Dungeon Crawl Stone Soup version 0.26-a0-651-gb41185065b (webtiles) character file.

Game seed: 16238681127803066002

(classic levelgen) 21 EnegeticOcto the Shield-Bearer (level 2, 24/27 HPs)
             Began as a Deep Dwarf Fighter on Oct 30, 2020.
             Quit the game on level 3 of the Dungeon.
             The game lasted 00:00:10 (162 turns).

EnegeticOcto the Shield-Bearer (Deep Dwarf Fighter)  Turns: 162, Time: 00:00:11

Health: 24/27      AC:  6    Str: 19    XL:     2   Next: 62%
Magic:  2/2        EV:  7    Int:  8    God:
Gold:   0          SH:  9    Dex: 12    Spells: 1/1 levels left

rFire    . . .     SeeInvis .   a - +0 war axe
rCold    . . .     Faith    .   c - +0 kite shield
rNeg     . . .     Spirit   .   b - +0 scale mail
rPois    .         Reflect  .   (no helmet)
rElec    .         Harm     .   (no cloak)
rCorr    .         Rampage  .   (no gloves)
MR       .....                  (no boots)
Stlth    ..........             (no amulet)
HPRegen  0.00/turn              (no ring)
MPRegen  0.08/turn              (no ring)

@: non-regenerating
A: damage resistance, heal wounds, sense surroundings 1, no regeneration
a: Heal Wounds


You were on level 3 of the Dungeon.
You visited 1 branch of the dungeon, and saw 3 of its levels.

Inventory:

Hand Weapons
 a - a +0 war axe (weapon)
Armour
 b - a +0 scale mail (worn)
 c - a +0 kite shield (worn)
Scrolls
 e - a scroll of remove curse {unknown}
 f - a scroll of teleportation {unknown}
Potions
 d - a potion of might {@q3}


   Skills:
 + Level 2.9 Fighting
 * Level 2.8 Axes
 + Level 3.5 Armour
 + Level 3.5 Shields


You had one spell level left.
You didn't know any spells.
Your spell library was empty.

Dungeon Overview and Level Annotations

Branches:
Dungeon (2/15)

Altars:


Innate Abilities, Weirdness & Mutations

You are resistant to damage.
You can heal yourself by infusing magical energy.
You passively map a small area around you.
You do not regenerate.


Message History

You have reached level 2!
You see here an adder corpse.
A rat comes into view.
A rat is nearby!
A rat is nearby!
A rat is nearby!
A rat is nearby!
A rat is nearby!
A rat is nearby!
The rat bites you but does no damage.
You slash the rat!
You kill the rat!
No target in view!
No target in view!
No target in view!
No target in view!
No target in view!
No target in view!
You see here a hunting sling.
e - a scroll labeled ANERIQ UKHLESM A rat comes into view.
Found 5 large rocks.
You hit the rat but do no damage. You block the rat's attack.
You slash the rat!
You kill the rat!
No target in view!
No target in view!
No target in view!
No target in view!
No target in view!
No target in view!
No target in view!
No target in view!
f - a scroll labeled YDYCRO NUITUSCH
Found a hand axe.
No target in view!
No target in view!
No target in view!
No target in view!
No target in view!
No target in view!
No target in view!
No target in view!
No target in view!
No target in view!
No target in view!
You fall into a shaft and drop 1 floor!
The shaft crumbles and collapses.
A hobgoblin comes into view.
The hobgoblin shouts! 2 rats come into view.
There are monsters nearby!
There are monsters nearby!
You slash the rat!
You kill the rat!
You hit the hobgoblin.
The hobgoblin is moderately wounded.
The hobgoblin barely misses you.
You hit the hobgoblin.
You kill the hobgoblin!
You slash the rat!
You kill the rat!
No target in view!
No target in view!
No target in view!
No target in view!
No target in view!
No target in view! 2 jackals come into view.
The jackal barks! x2
A jackal comes into view. x2
There are monsters nearby!
There are monsters nearby!
The jackal barks! x2
You feel much better.
The jackal bites you but does no damage. x2
The jackal barely misses you. You block the jackal's attack.
You closely miss the jackal. You hit the jackal. You miss the jackal.
The jackal bites you.
The jackal bites you but does no damage.
You block the jackal's attack. The jackal bites you.
The jackal barely misses you. x2
You slash the jackal!
You kill the jackal!
You hit the jackal. x2
The jackal bites you but does no damage. x2
You block the jackal's attack. The jackal bites you.
The jackal barely misses you.
You closely miss the jackal.
The jackal is almost dead.
You slash the jackal!
You kill the jackal!
Your scale mail prevents you from hitting the jackal.
The jackal closely misses you. You block the jackal's attack.
The jackal bites you. The jackal barely misses you.
You hit the jackal.
You kill the jackal!
You closely miss the jackal. The jackal bites you.
You block the jackal's attack.
Are you sure you want to abandon this character and quit the game? (Confirm with "yes".)

, * ########## ,
* #........# , ,
........### , *
.........# ,
*#.......# , ,
#.......# ,,, ,
#...h...#
#..†@...# # ,,
####....# , #.. *
#....#,
#...#######....#
, #.............+
#####.........#**
* * #......#### ,
#......# *
#......# *


You could see a jackal.

Vanquished Creatures
  An adder (D:2)
  3 hobgoblins
  3 jackals (D:3)
  5 rats
12 creatures vanquished.

Notes
Turn   | Place    | Note
-------+----------+-------------------------------------------
     0 | D:1      | EnegeticOcto the Deep Dwarf Fighter began the quest for the
                  | Orb.
     0 | D:1      | Reached XP level 1. HP: 20/20 MP: 1/1
    83 | D:2      | Reached XP level 2. HP: 20/27 MP: 2/2
   143 | D:2      | You fall into a shaft and drop 1 floor!
   162 | D:3      | Quit the game

Illustrated notes

Levels and vault maps discovered:
D:1:      dpeg_arrival_subterranean_lakeside_camping, layout_basic,
          item_on_display_a
D:2:      layout_loops_corners, nicolae_dithmenos_shadow_blocks,
          bh_walls_and_bars, uniq_robin
D:3:      layout_basic, grunt_temple_overflow_growth_and_decay

Action                   || total
-------------------------++-------
Melee: War axe           ||    29
 Abil: Heal Wounds       ||     1
Armor: Scale mail        ||    15
Dodge: Dodged            ||    10
Block: Kite shield       ||    16

Table legend: (Time is in decaauts)
 A = Elapsed time spent in this place.
 B = Non-inter-level travel time spent in this place.
 C = Inter-level travel time spent in this place.
 D = Time resting spent in this place.
 E = Time spent auto-exploring this place.
 F = Levels seen in this place.
 G = Mean time per level.
                   A        B        C        D        E       F      G
               +--------+--------+--------+--------+--------+-----+--------+
         Total |    175 |    159 |     16 |      0 |     92 |   3 |   58.3 |
       Dungeon |    175 |    159 |     16 |      0 |     92 |   3 |   58.3 |
               +--------+--------+--------+--------+--------+-----+--------+

Top non-repeatable levels by time:
     D:2: 79 daAuts
     D:1: 74 daAuts
     D:3: 22 daAuts
